 Dungeon Crawl Stone Soup version 0.21-a0-529-g8c7b3f5 (webtiles) character file.

282 Dawnplanks the Slasher (level 6, -2/53 HPs)
             Began as a Minotaur Fighter on Dec 11, 2017.
             Slain by a sky beast (6 damage)
             ... on level 3 of the Dungeon.
             The game lasted 00:04:20 (1760 turns).

Dawnplanks the Slasher (Minotaur Fighter)           Turns: 1760, Time: 00:04:23

Health: -2/53      AC:  7    Str: 21    XL:     6   Next: 6%
Magic:  14/14      EV:  8    Int:  5    God:
Gold:   155        SH: 10    Dex: 11    Spells: 5/5 levels left

rFire    . . .     SeeInvis .   a - +0 long sword
rCold    . . .     Gourm    .   c - +0 shield
rNeg     . . .     Faith    .   b - +0 scale mail
rPois    .         Spirit   .   (helmet restricted)
rElec    .         Reflect  .   (no cloak)
rCorr    .         Harm     .   (no gloves)
MR       +....                  (no boots)
Stlth    ..........             (no amulet)
HPRegen  0.17/turn              l - ring of magical power
MPRegen  0.14/turn              p - ring of protection from magic

@: no status effects
A: retaliatory headbutt, horns 2
a: no special abilities


You were on level 3 of the Dungeon.
You were very hungry.

You visited 1 branch of the dungeon, and saw 3 of its levels.

You collected 155 gold pieces.

Inventory:

Hand Weapons
 a - a +0 long sword (weapon)
Missiles
 r - 2 silver javelins (quivered)
Armour
 b - a +0 scale mail (worn)
 c - a +0 shield (worn)
Jewellery
 l - a ring of magical power (left hand)
 p - a ring of protection from magic (right hand)
Scrolls
 g - 2 scrolls of remove curse {unknown}
 i - a scroll of fog {unknown}
 m - a scroll of random uselessness {unknown}
 n - a scroll of identify {unknown}
Potions
 d - a potion of might
 e - a potion of degeneration {unknown}
 h - a potion of agility {unknown}
 j - a potion of berserk rage {unknown}
 k - 3 potions of curing {unknown}
 o - a potion of lignification {unknown}
 q - 2 potions of heal wounds {unknown}
 t - a potion of flight {unknown}
Comestibles
 f - 4 bread rations
 s - a royal jelly


   Skills:
 + Level 4.7 Fighting
 + Level 5.1 Long Blades
 + Level 4.8 Armour
 + Level 1.4 Dodging
 + Level 4.7 Shields


You had 5 spell levels left.
You didn't know any spells.

Dungeon Overview and Level Annotations

Branches:
Dungeon (3/15)

Altars:


Innate Abilities, Weirdness & Mutations

You reflexively headbutt those who attack you in melee.
You have a pair of horns on your head.


Message History

The quokka barely misses you.
You riposte.
You hit the quokka.
You kill the quokka!
You are too injured to fight recklessly!
You are too injured to fight recklessly!
You are too injured to fight recklessly!
You are too injured to fight recklessly!
You are too injured to fight recklessly!
You see here a quokka corpse.
You butcher the quokka corpse.
Something hits you. Something shocks you.
* * * LOW HITPOINT WARNING * * *
Things that are here:
2 chunks of flesh; a quokka skeleton You closely miss something.
Something hits you.
* * * LOW HITPOINT WARNING * * *
Something shocks you.
* * * LOW HITPOINT WARNING * * *
Something hits you.
* * * LOW HITPOINT WARNING * * *
Something shocks you.
You die...

. ... ... . ... ... #.
#.# .... ## .##.#..#. ..
...#... .. . .....#...
.###. #.#..#...
.....##@#......
.......{.......
##...............
.........))...... #.#
.#......#.#..#.#.
##.####.#.##..##)#..# #
.................#..#
##.##...............#
.......†..##..#..####.#..


There were no monsters in sight!

Vanquished Creatures
  An orc warrior (D:3)
  Natasha (thrice) (D:2)
  3 adders (D:2)
  2 worms
  A dart slug (D:1)
  A leopard gecko (D:1)
  10 orcs (D:3)
  A ball python (D:3)
  7 bats
  3 giant cockroaches
  3 goblins
  3 hobgoblins
  7 jackals (D:3)
  2 quokkas
  8 frilled lizards
  5 kobolds
  A quokka skeleton (D:2)
  12 rats
73 creatures vanquished.

Notes
Turn   | Place    | Note
-------+----------+-------------------------------------------
     0 | D:1      | Dawnplanks the Minotaur Fighter began the quest for the Orb.
     0 | D:1      | Reached XP level 1. HP: 19/19 MP: 0/0
   123 | D:1      | Reached XP level 2. HP: 27/27 MP: 1/1
   399 | D:1      | Reached skill level 3 in Long Blades
   603 | D:2      | Reached XP level 3. HP: 31/33 MP: 2/2
   648 | D:2      | Noticed Natasha
   655 | D:2      | Killed Natasha
   661 | D:2      | Reached XP level 4. HP: 27/40 MP: 3/3
   881 | D:2      | Noticed Natasha
   886 | D:2      | Killed Natasha
   958 | D:2      | Noticed Natasha
   964 | D:2      | Killed Natasha
   964 | D:2      | Reached skill level 4 in Long Blades
  1023 | D:2      | Reached XP level 5. HP: 40/47 MP: 4/4
  1187 | D:3      | Noticed an orc warrior
  1207 | D:3      | Killed an orc warrior
  1207 | D:3      | Reached skill level 5 in Long Blades
  1207 | D:3      | Reached skill level 1 in Dodging
  1643 | D:3      | Reached XP level 6. HP: 53/53 MP: 5/5
  1744 | D:3      | Noticed a sky beast
  1760 | D:3      | Slain by a sky beast

Vault maps used:
D:1:      dpeg_arrival_tiny_d, kennysheep_pointless_box
D:2:      uniq_natasha
D:3:      uniq_crazy_yiuf_cottage

Skill      XL: |  1  2  3  4  5 |
---------------+----------------+-----
Fighting       | 4 |  4.7
Long Blades    | 3 4 5 |  5.1
Shields        | 4 |  4.7
Armour         | 4 |  4.8
Dodging        | 1 |  1.4

Action                   |  1- 3 |  4- 6 || total
-------------------------+-------+-------++-------
Melee: Long sword        |    70 |   112 ||   182
       Headbutt          |     6 |    15 ||    21
  Eat: Chunk             |       |     2 ||     2
Armor: Scale mail        |    38 |    45 ||    83
Dodge: Dodged            |    25 |    39 ||    64
Block: Shield            |    32 |    62 ||    94
       Rpst.: Long sword |     7 |     8 ||    15

Table legend:
 A = Spawn XP
 B = Non-spawn XP
 C = Spawn XP percentage of total XP
 D = Spawn monster count
 E = Non-spawn monster count
 F = Spawn count percentage of total count
 G = Total turns spent on level
                    A         B        C        D         E        F      G
               +---------+---------+-------+---------+---------+-------+---------
         Total |       0 |     404 |   0.0 |       0 |      73 |   0.0 |  1760
               +---------+---------+-------+---------+---------+-------+---------
           D:1 |       0 |      30 |   0.0 |       0 |      20 |   0.0 |   566
           D:2 |       0 |     169 |   0.0 |       0 |      19 |   0.0 |   477
           D:3 |       0 |     205 |   0.0 |       0 |      34 |   0.0 |   717
               +---------+---------+-------+---------+---------+-------+---------
